Map: Lost and Found LE

Players

MarineLorD

  • Race: Terran Terran
  • League: Master
  • Spawn Location: 1:00

Cure - Winner!

  • Race: Terran Terran
  • League: Master
  • Spawn Location: 7:00

Event: HomeStory Cup XVIII

VOD

Have the link to the VOD?

Description

Time

  • Played on: Nov. 22, 2018, 10:25 a.m.
  • Length: 2:55

All games in this series

Show
View Real Time Build Order
Export as new Build Order

MarineLorD Terran 

Build Orders: 1/1/1 

Get SALT Encoding   

  12  0:00  SCV  
  13  0:12  SCV  
  14  0:17  Supply Depot  
  14  0:24  SCV  
  15  0:29  Refinery  
  15  0:38  SCV  
  16  0:43  Barracks  
  16  0:51  SCV  
  16  0:55  Refinery  
  17  1:03  SCV  
  18  1:15  SCV  
  19  1:30  Reaper, Orbital Command  
  20  1:35  Factory  
  20  1:46  Supply Depot  
  20  1:55  SCV  
  21  2:02  Reaper  
  21  2:07  SCV  
  23  2:19  Hellion, SCV  
  24  2:27  Starport  
  21  2:31  SCV  
  21  2:34  Marine  
Show
View Real Time Build Order
Export as new Build Order

Cure Terran - Winner!

Build Orders:  

Get SALT Encoding   

  12  0:00  SCV  
  13  0:13  Supply Depot  
  13  0:17  SCV  
  14  0:35  Barracks  
  14  0:39  Refinery  
  14  0:53  Barracks  
  14  0:57  SCV  
  15  1:09  SCV  
  16  1:23  Reaper, Orbital Command  
  17  1:31  Refinery  
  17  1:41  Reaper  
  18  1:49  SCV  
  18  1:51  Supply Depot  
  19  1:58  Reaper  
  20  2:01  SCV  
  21  2:13  Reaper, SCV  
  23  2:25  SCV  
  24  2:31  Factory  
  24  2:41  SCV  
Tags
 
Add a new tag
Caveats
  • Supply blocks, unpowered buildings, or Contaminate may cause inaccurate times.
  • Supply counts are checked every 10 seconds.